 Dungeon Crawl Stone Soup version 0.17.1-1-g73c8601 (webtiles) character file.

21533 shmeve the Cleaver (level 12, -14/169 HPs)
             Began as a Minotaur Berserker on Apr 15, 2016.
             Was a High Priest of Trog.
             Demolished by an orc warlord
             ... wielding a +0 war axe
              (23 damage)
             ... on level 3 of the Orcish Mines.
             The game lasted 00:33:33 (13049 turns).

shmeve the Cleaver (Minotaur Berserker)            Turns: 13049, Time: 00:33:33

Health: -14/169    AC: 19    Str: 30    XL:     12   Next: 55%
Magic:  11/11      EV: 14    Int:  5    God:    Trog [*****.]
Gold:   639        SH:  6    Dex: 11    Spells: 0 memorised, 11 levels left

rFire  + . .     SeeInvis .     t - +1 war axe
rCold  + + +     Clarity  .     D - +8 scale mail of the Sturgeon {+Fly rC++}
rNeg   . . .     SustAt   .     s - +0 buckler
rPois  .         Gourm    .     (helmet restricted)
rElec  .         Spirit   .     g - +0 cloak
rCorr  .         Warding  .     (no gloves)
rMut   .         Stasis   .     n - +0 pair of boots
MR     ++...                    (no amulet)
Stlth  ..........               E - ring of protection from fire
                                f - ring of protection from cold

@: berserking (expiring), lethally poisoned (-14 -> -19), regenerating, very
quick, very resistant to hostile enchantments, extremely unstealthy
A: retaliatory headbutt, horns 2
a: Berserk, Trog's Hand, Brothers in Arms, Burn Spellbooks, Renounce Religion,
Evoke Flight


You were on level 3 of the Orcish Mines.
You worshipped Trog.
Trog was extremely pleased with you.
You were hungry.

You visited 3 branches of the dungeon, and saw 16 of its levels.

You collected 891 gold pieces.
You spent 252 gold pieces at shops.

Inventory:

Hand Weapons
 t - a +1 war axe (weapon)
Missiles
 k - 2 javelins (quivered)
 G - 6 silver javelins
Armour
 g - a +0 cloak (worn)
 n - a +0 pair of boots (worn)
 s - a +0 buckler (worn)
 D - the +8 scale mail of the Sturgeon (worn) {+Fly rC++}
   (You bought it in a shop on level 6 of the Dungeon)

   It greatly protects you from cold.
   It lets you fly.
Jewellery
 f - a ring of protection from cold (left hand)
 E - a ring of protection from fire (right hand)
Wands
 d - a wand of digging (7)
Scrolls
 b - 2 scrolls of noise {unknown}
 r - 5 scrolls of remove curse
 v - 2 scrolls of identify
 w - 2 scrolls of recharging
 x - 2 scrolls of teleportation
 y - a scroll of blinking {unknown}
 B - 2 scrolls of fog {unknown}
 F - a scroll of acquirement {unknown}
Potions
 a - a potion of resistance {unknown}
 e - a potion of brilliance {unknown}
 h - 6 potions of curing
 j - 3 potions of heal wounds
 l - 4 potions of flight
 m - a potion of lignification {unknown}
 o - a potion of poison {unknown}
 u - a potion of ambrosia {unknown}
 z - 5 potions of agility
 A - a potion of berserk rage {unknown}
Comestibles
 c - 8 bread rations
 i - 9 slices of pizza
 p - 4 beef jerkies
 q - 7 meat rations
 C - 5 chunks of flesh


   Skills:
 * Level 12.4 Fighting
 * Level 12.5 Axes
 + Level 7.0 Throwing
 + Level 8.9 Armour
 + Level 8.6 Dodging
 * Level 10.8 Shields


You had 11 spell levels left.
You didn't know any spells.

Dungeon Overview and Level Annotations

Branches:
Dungeon (12/15)            Temple (1/1) D:7            Lair (0/8) D:10
    Orc (3/4) D:12
    Elf: Orc:3-4

Altars:
Ashenzari
Cheibriados
Dithmenos
Elyvilon
Fedhas
Gozag
Kikubaaqudgha
Makhleb
Nemelex Xobeh
Okawaru
Qazlal
Ru
Sif Muna
Trog
Vehumet
Xom
Yredelemnul
Zin
The Shining One

Shops:
D:4 ?   D:6 [   D:10 (   D:11 =   Orc:2 %

Portals:
Trove: D:10 (give 6 scrolls of blinking)


Innate Abilities, Weirdness & Mutations

You reflexively headbutt those who attack you in melee.
You have a pair of horns on your head.


Message History

You hit the orc warlord but do no damage.
The orc warlord is severely wounded.
You slash the orc warrior!
You kill the orc warrior!
Trog accepts your kill.
You feel sick.
The orc warlord hits you with a war axe.
* * * LOW HITPOINT WARNING * * *
You hit the orc warlord but do no damage.
You headbutt the orc warlord, but do no damage.
The orc warlord is severely wounded.
You feel sick. You block the orc warrior's attack.
Unknown command.
You slash the orc warlord! Your headbutt misses the orc warlord.
The orc warlord is almost dead.
You feel sick.
The orc warlord roars a battlecry!
The orcs go into a battle-frenzy!
The orc warlord hits you with a war axe!!
You die...

............
.......#....##
#
....$........
..
............
#..
........... ..
..........#$#
......o))<.#
......)o..##
......)@)##
.#.o..)...#
....o..#.##
........##
#......#
.##.... ###..
###


You could see an orc warlord, an orc warrior (frenzied) and 2 orcs.

Vanquished Creatures
  A fire giant (D:12)
  Maud (D:10)
  Nergalle (D:10)
  An unseen horror (D:12)
  Pikel (D:5)
  7 hill giants
  An orc sorcerer (Orc:3)
  2 ugly things (D:11)
  A cyclops (D:12)
  A manticore (D:11)
  Joseph (D:8)
  A komodo dragon (D:12)
  2 kobold demonologists (D:11)
  3 trolls
  A deep elf mage (D:12)
  A wraith (D:10)
  9 yaks
  2 wyverns
  A hungry ghost (D:12)
  Grum (D:10)
  A human (D:11)
  A hippogriff (D:10)
  The ghost of Vulpis the Conjurer, an amateur HuCj (D:4)
  7 wargs (Orc:2)
  2 water moccasins
  5 wolves
  6 sky beasts
  A soldier ant (D:11)
  4 ice beasts
  10 orc warriors
  4 ogres
  3 phantoms
  2 slaves (D:5)
  4 big kobolds
  5 centaurs
  A gnoll sergeant (D:6)
  5 giant frogs
  A water moccasin zombie (D:9)
  A wyvern zombie (D:12)
  6 killer bees (D:12)
  6 scorpions
  4 wights (D:10)
  A quasit (D:10)
  A crimson imp (D:8)
  A centaur skeleton (D:6)
  4 jellies
  6 hounds
  12 orc wizards
  4 giant frog skeletons
  15 orc priests
  3 iguanas
  6 worker ants
  2 sheep (D:11)
  A hound skeleton (D:10)
  A worker ant zombie (D:7)
  12 adders
  6 gnolls (D:6)
  3 shadow imps
  An ooze (D:3)
  2 adder skeletons (D:4)
  5 worms
  90 orcs
  7 giant cockroaches
  7 hobgoblins
  6 jackals
  15 kobolds
  6 quokkas
  2 ball pythons (D:1)
  7 bats
  8 giant geckos
  A giant gecko zombie (D:3)
  10 giant newts
  7 goblins
  8 rats
  A spectral orc (D:6)
380 creatures vanquished.

Notes
Turn   | Place    | Note
--------------------------------------------------------------
     0 | D:1      | shmeve the Minotaur Berserker began the quest for the Orb.
     0 | D:1      | Reached XP level 1. HP: 19/19 MP: 0/0
    98 | D:1      | Reached XP level 2. HP: 21/27 MP: 1/1
   206 | D:1      | Reached skill level 4 in Fighting
   565 | D:1      | Reached ** piety under Trog
   672 | D:1      | Reached XP level 3. HP: 33/33 MP: 2/2
   988 | D:2      | Found an opulent altar of Gozag.
  1244 | D:2      | Reached XP level 4. HP: 41/41 MP: 3/3
  1412 | D:3      | Reached skill level 1 in Throwing
  1581 | D:3      | Reached *** piety under Trog
  1666 | D:3      | Found an iron altar of Okawaru.
  1681 | D:3      | Reached XP level 5. HP: 43/47 MP: 4/4
  1801 | D:3      | Found a sparkling altar of Nemelex Xobeh.
  2010 | D:4      | Reached skill level 5 in Fighting
  2051 | D:4      | Noticed Vulpis's ghost (amateur HuCj)
  2054 | D:4      | Killed Vulpis's ghost
  2054 | D:4      | Reached skill level 5 in Axes
  2054 | D:4      | Reached XP level 6. HP: 56/56 MP: 5/5
  2262 | D:4      | Found a shattered altar of Ashenzari.
  2378 | D:4      | Found Pero Qed's Magic Scroll Shoppe.
  2991 | D:5      | Entered Level 5 of the Dungeon
  3010 | D:5      | Noticed Pikel
  3018 | D:5      | Killed Pikel
  3018 | D:5      | Reached skill level 6 in Fighting
  3018 | D:5      | Reached XP level 7. HP: 64/64 MP: 6/6
  3213 | D:5      | Reached skill level 7 in Fighting
  3373 | D:5      | Reached XP level 8. HP: 57/73 MP: 7/7
  3900 | D:6      | Reached **** piety under Trog
  4237 | D:6      | Found a white marble altar of Elyvilon.
  4243 | D:6      | Reached skill level 5 in Dodging
  4410 | D:6      | Reached skill level 5 in Armour
  4429 | D:6      | Found Deatwesomm's Antique Armour Shoppe.
  4432 | D:6      | Bought a translucent scale mail for 252 gold pieces
  4442 | D:6      | Identified the +8 scale mail of the Sturgeon {+Fly rC++} (You bought it in a shop on level 6 of the Dungeon)
  4491 | D:6      | Reached skill level 8 in Fighting
  4671 | D:6      | Found a basalt altar of Yredelemnul.
  4706 | D:6      | Reached XP level 9. HP: 79/82 MP: 8/8
  4943 | D:7      | Found a glowing silver altar of Zin.
  4943 | D:7      | Found a shimmering altar of Xom.
  4943 | D:7      | Noticed an angel
  5128 | D:7      | Reached skill level 9 in Fighting
  5138 | D:7      | Found a snail-covered altar of Cheibriados.
  5337 | D:7      | Found a staircase to the Ecumenical Temple.
  5608 | Temple   | Entered the Ecumenical Temple
  5879 | D:8      | Found a glowing golden altar of the Shining One.
  5908 | D:8      | Noticed Joseph
  5930 | D:8      | Killed Joseph
  6074 | D:8      | Reached skill level 5 in Throwing
  6143 | D:8      | Found a bloodstained altar of Trog.
  6177 | D:8      | Reached ***** piety under Trog
  6177 | D:8      | Received a gift from Trog
  6220 | D:8      | You fall through a shaft for 2 floors!
  6220 | D:10     | Entered Level 10 of the Dungeon
  6221 | D:10     | Found a portal to a secret trove of treasure.
  6311 | D:10     | Noticed Grum
  6313 | D:10     | Noticed a hill giant
  6322 | D:10     | Killed a hill giant
  6322 | D:10     | Reached skill level 10 in Fighting
  6322 | D:10     | Reached XP level 10. HP: 90/93 MP: 9/9
  6322 | D:10     | Reached skill level 10 in Axes
  6326 | D:10     | Killed Grum
  6443 | D:10     | Noticed Nergalle
  6450 | D:10     | Killed Nergalle
  6487 | D:10     | Noticed a hill giant
  6499 | D:10     | Killed a hill giant
  6504 | D:10     | Noticed a hill giant
  6521 | D:10     | Killed a hill giant
  6527 | D:10     | Reached skill level 11 in Fighting
  6669 | D:10     | Noticed a hill giant
  6678 | D:10     | Killed a hill giant
  6937 | D:10     | Found Imapits's Antique Weapon Boutique.
  7047 | D:10     | Reached skill level 1 in Shields
  7148 | D:10     | Found a staircase to the Lair.
  7303 | D:10     | Noticed Maud
  7321 | D:10     | Killed Maud
  7321 | D:10     | Reached XP level 11. HP: 34/102 MP: 10/10
  8354 | D:9      | Found a sacrificial altar of Ru.
  8442 | D:9      | Found a blossoming altar of Fedhas.
  9046 | D:11     | Noticed a hill giant
  9056 | D:11     | Killed a hill giant
  9393 | D:11     | Found Fistovon's Jewellery Shoppe.
  9681 | D:11     | Got a wavering lapis lazuli ring
  9687 | D:11     | Identified the ring "Peepaif" {Wiz +Fly MR+ Str-3} (You found it on level 11 of the Dungeon)
 10014 | D:11     | Received a gift from Trog
 10132 | D:11     | Noticed a hill giant
 10140 | D:11     | Killed a hill giant
 10946 | D:12     | Reached XP level 12. HP: 95/112 MP: 11/11
 11137 | D:12     | Found a staircase to the Orcish Mines.
 11184 | D:12     | Killed an unseen horror
 11184 | D:12     | Reached skill level 10 in Shields
 11332 | D:12     | Noticed a fire giant
 11344 | D:12     | Killed a fire giant
 11344 | D:12     | Reached skill level 12 in Fighting
 11613 | D:12     | Noticed a hill giant
 11621 | D:12     | Killed a hill giant
 12093 | Orc:1    | Entered Level 1 of the Orcish Mines
 12099 | Orc:1    | Received a gift from Trog
 12195 | Orc:2    | Received a gift from Trog
 12307 | Orc:2    | Found a bloodstained altar of Trog.
 12995 | Orc:2    | Found Rucobb's Food Shop.
 13023 | Orc:3    | Noticed an orc warlord
 13049 | Orc:3    | Demolished by an orc warlord

Action                   |  1- 3 |  4- 6 |  7- 9 | 10-12 || total
-------------------------+-------+-------+-------+-------++-------
Melee: Hand axe          |    91 |    57 |       |       ||   148
       War axe           |       |    41 |   274 |   566 ||   881
Throw: Javelin           |       |       |       |     2 ||     2
Invok: Berserk           |       |     2 |     4 |    10 ||    16
       Trog's Hand       |       |       |     1 |     5 ||     6
       Burn Spellbooks   |       |       |       |     1 ||     1
  Use: Scroll            |       |       |    17 |     2 ||    19
  Eat: Chunk             |     1 |     5 |    14 |    33 ||    53
       Beef jerky        |       |     1 |     1 |       ||     2
